 Dungeon Crawl Stone Soup version 0.23-a0-4-g8f018a2 (webtiles) character file.

5759 galech the Cleaver (level 10, -3/88 HPs)
             Began as a Minotaur Fighter on July 31, 2018.
             Was a Believer of Makhleb.
             Slain by a hornet (8 damage)
             ... on level 8 of the Dungeon.
             The game lasted 00:16:26 (7050 turns).

galech the Cleaver (Minotaur Fighter)               Turns: 7050, Time: 00:16:26

Health: -3/88      AC:  7    Str: 21    XL:     10   Next: 49%
Magic:  9/9        EV: 12    Int:  5    God:    Makhleb [**....]
Gold:   591        SH: 12    Dex: 13    Spells: 9/9 levels left

rFire    . . .     SeeInvis .   a - +0 war axe
rCold    . . .     Gourm    .   c - +0 shield
rNeg     . . .     Faith    .   B - +0 troll leather armour {Purgy}
rPois    .         Spirit   .   (helmet restricted)
rElec    .         Reflect  .   h - +0 cloak
rCorr    .         Harm     .   (no gloves)
MR       +....                  k - +0 pair of boots
Stlth    +++.......             (no amulet)
HPRegen  0.64/turn              v - ring of stealth
MPRegen  0.11/turn              e - ring of protection from magic

@: lethally poisoned (-3 -> -11), slowed, very slow
A: retaliatory headbutt, horns 2
a: Minor Destruction, Renounce Religion


You were on level 8 of the Dungeon.
You worshipped Makhleb.
Makhleb was pleased with you.
You were not hungry.

You visited 2 branches of the dungeon, and saw 10 of its levels.
You also visited: Sewer.

You collected 591 gold pieces.

Inventory:

Hand Weapons
 a - a +0 war axe (weapon)
Armour
 c - a +0 shield (worn)
 h - a +0 cloak (worn)
 i - a +0 plate armour
 k - a +0 pair of boots (worn)
 B - a +0 troll leather armour (worn) {Purgy}
 D - a +2 robe of fire resistance
Jewellery
 e - a ring of protection from magic (right hand)
 v - a ring of stealth (left hand)
 y - a +6 ring of intelligence
Wands
 p - a wand of acid (14)
 q - a wand of iceblast (21)
 E - a wand of clouds (5)
Scrolls
 g - 5 scrolls of teleportation
 o - a scroll of random uselessness
 r - a scroll of fear {unknown}
 s - a scroll of immolation
 t - 2 scrolls of fog
 w - a scroll of enchant armour {unknown}
 x - a scroll of noise {unknown}
 z - a scroll of identify
 A - a scroll of blinking {unknown}
 C - a scroll of acquirement {unknown}
 G - a scroll of amnesia {unknown}
Potions
 b - 8 potions of curing {unknown}
 d - 2 potions of might
 j - a potion of mutation {unknown}
 m - 2 potions of degeneration {unknown}
 n - 3 potions of berserk rage {unknown}
 u - a potion of heal wounds {unknown}
 F - a potion of haste {unknown}
 H - a potion of lignification {unknown}
Comestibles
 f - 16 rations
 l - 9 chunks of flesh


   Skills:
 + Level 8.3 Fighting
 + Level 12.4 Axes
 + Level 6.8 Armour
 + Level 4.4 Dodging
 + Level 2.5 Stealth
 + Level 9.3 Shields


You had 9 spell levels left.
You didn't know any spells.
Your spell library was empty.

Dungeon Overview and Level Annotations

Branches:
Dungeon (9/15)             Temple (1/1) D:7            Lair (0/6) D:8
    Orc: D:9-12

Altars:
Ashenzari
Cheibriados
Dithmenos
Elyvilon
Fedhas
Gozag
Hepliaklqana
Kikubaaqudgha
Makhleb
Nemelex Xobeh
Okawaru
Qazlal
Ru
Sif Muna
Trog
Uskayaw
Vehumet
Wu Jian
Xom
Yredelemnul
Zin
The Shining One

Shops:
D:5 *   D:7 [


Innate Abilities, Weirdness & Mutations

You reflexively headbutt those who attack you in melee.
You have a pair of horns on your head.


Message History

There is a stone staircase leading down here.
You miss the hornet. The hornet closely misses you.
You closely miss the hornet.
You feel sick. The hornet stings you!
* * * LOW HITPOINT WARNING * * *
You feel yourself slow down. The hornet stings you!
* * * LOW HITPOINT WARNING * * *
You are more poisoned.
You feel as though you will be slow longer.
You closely miss the hornet. You headbutt the hornet!
The hornet is moderately wounded.
You feel sick. You block the hornet's attack. The hornet stings you.
* * * LOW HITPOINT WARNING * * *
You are lethally poisoned!
You feel as though you will be slow longer.
You barely miss the hornet.
The hornet is moderately wounded.
* * * LOW HITPOINT WARNING * * *
You feel very sick. You block the hornet's attack. The hornet stings you!
You die...

.....#.##...........(............
..####>###.#.#...........#.#.#..#
..# #.###.#.#####..(#####.#.....
#.# ##.......# ###...(.....###.##
..# #......### #....((.######...#
..###.###### #.#...#.# #......
...##.# #####.##.##.# #.##..#
...##.# #.....y..##.# #.#....
......# #.###@#####.# #.#....
...#### ###.###.#####.# #.#.#.#
..## #.............# #.#.#.. .#8#
#.#.##.#.##.######.<.... ..##
#.#.##.#.##.####......## ...##
##.#.##.#<..........#.|..
....#####...[...####.####.#.##.##
.........#..[...####.# #.#....#
..#######............####.###..#


You could see a hornet.

Vanquished Creatures
  A two-headed ogre (D:7)
  A hippogriff (D:8)
  A wyvern (D:8)
  4 hogs (D:7)
  A human (D:7)
  Edmund (D:4)
  3 porcupines
  Purgy (Sewer)
  A black bear (D:6)
  2 orc warriors (D:8)
  A sky beast (D:7)
  A hornet zombie (D:7)
  A necrophage (D:8)
  3 phantoms
  2 ogres
  3 centaurs
  2 big kobolds
  A crocodile (D:8)
  Blork the orc (D:6)
  2 bullfrogs
  A wyvern skeleton (D:6)
  A water moccasin skeleton (D:5)
  6 scorpions
  3 howler monkeys (D:7)
  6 crimson imps
  A bullfrog zombie (D:7)
  3 gnoll shamans
  A centaur skeleton (D:8)
  A centaur zombie (D:5)
  A jelly (D:8)
  5 hounds
  Crazy Yiuf (D:7)
  An orc priest (D:6)
  A bullfrog skeleton (D:4)
  6 orc wizards
  An iguana (D:7)
  2 worker ants
  2 killer bee zombies
  A hound skeleton (D:4)
  Robin (D:4)
  17 gnolls
  12 adders
  4 shadow imps
  2 oozes
  An adder skeleton (D:4)
  3 dart slugs
  8 worms
  5 leopard geckos
  26 orcs
  12 bats
  5 giant cockroaches
  26 goblins
  15 hobgoblins
  9 jackals
  15 kobolds
  6 quokkas
  A frilled lizard (D:2)
  A goblin skeleton (D:5)
  3 goblin zombies (D:5)
  4 hobgoblin zombies (D:5)
  A kobold zombie (D:5)
  An orc zombie (D:5)
  11 rats
266 creatures vanquished.

Notes
Turn   | Place    | Note
-------+----------+-------------------------------------------
     0 | D:1      | galech the Minotaur Fighter began the quest for the Orb.
     0 | D:1      | Reached XP level 1. HP: 19/19 MP: 0/0
    22 | D:1      | Reached XP level 2. HP: 18/27 MP: 1/1
   546 | D:1      | Reached XP level 3. HP: 31/33 MP: 2/2
   688 | D:1      | Reached skill level 3 in Axes
  1067 | D:2      | Reached XP level 4. HP: 40/40 MP: 3/3
  1093 | D:2      | Reached skill level 1 in Dodging
  1322 | D:2      | Reached skill level 4 in Axes
  1400 | D:2      | Reached XP level 5. HP: 47/47 MP: 4/4
  1976 | D:3      | Reached skill level 5 in Armour
  2040 | D:3      | Reached skill level 5 in Fighting
  2040 | D:3      | Reached XP level 6. HP: 13/56 MP: 5/5
  2327 | D:3      | Reached skill level 5 in Axes
  2473 | D:4      | Noticed Robin
  2504 | D:4      | Killed Robin
  2840 | D:4      | Noticed Edmund
  2855 | D:4      | Killed Edmund
  2855 | D:4      | Reached skill level 6 in Axes
  2855 | D:4      | Reached skill level 5 in Shields
  2855 | D:4      | Reached XP level 7. HP: 56/61 MP: 6/6
  3493 | D:5      | Entered Level 5 of the Dungeon
  3743 | D:5      | Found a glowing golden altar of the Shining One.
  3793 | D:5      | Reached skill level 7 in Axes
  3900 | D:5      | Found a glowing drain.
  3909 | Sewer    | Entered a sewer
  4022 | Sewer    | Noticed Purgy
  4030 | Sewer    | Killed Purgy
  4030 | Sewer    | Reached XP level 8. HP: 57/69 MP: 7/7
  4232 | D:5      | Found Xiboi's Assorted Antiques.
  4240 | D:5      | Reached skill level 8 in Axes
  4481 | D:6      | Noticed Blork the orc
  4499 | D:6      | Killed Blork the orc
  4553 | D:6      | Found an ancient bone altar of Kikubaaqudgha.
  4796 | D:6      | Reached skill level 9 in Axes
  5089 | D:7      | Reached XP level 9. HP: 37/78 MP: 8/8
  5092 | D:7      | Reached skill level 10 in Axes
  5297 | D:7      | Found a staircase to the Ecumenical Temple.
  5306 | Temple   | Entered the Ecumenical Temple
  5415 | Temple   | Became a worshipper of Makhleb the Destroyer
  5473 | D:7      | Reached skill level 11 in Axes
  5473 | D:7      | Reached skill level 1 in Stealth
  5550 | D:7      | Found Noiluh's Antique Armour Boutique.
  5650 | D:7      | Found a runed door.
  5654 | D:7      | Noticed Crazy Yiuf
  5658 | D:7      | Killed Crazy Yiuf
  5943 | D:8      | Reached * piety under Makhleb
  6044 | D:7      | Reached XP level 10. HP: 39/88 MP: 9/9
  6264 | D:8      | Found a staircase to the Lair.
  6555 | D:8      | Noticed a two-headed ogre
  6678 | D:7      | Killed a two-headed ogre
  6678 | D:7      | Reached skill level 12 in Axes
  7010 | D:9      | Reached ** piety under Makhleb
  7035 | D:9      | Paralysed by a hornet for 3 turns
  7050 | D:8      | Slain by a hornet

Vault maps used:
D:1:      minmay_arrival_doors
D:2:      minmay_misc_feat_encased
D:4:      uniq_robin, uniq_edmund
D:5:      nicolae_tso_besieged_by_evil, portal_sewer_entry_a, serial_shops,
          nicolae_shop_trees, first_ration, minmay_ogre_servants
D:6:      basic_altar, uniq_blork_the_orc
D:7:      minmay_temple_entry_statues_fountains, serial_shops, kennysheep_mini,
          grunt_livestock, uniq_crazy_yiuf_cottage
D:8:      grunt_lair_entry_orc_guard_hut, kennysheep_decorative_pillar
D:9:      minmay_ruffians
Temple:   compressed_dpeg_triangle_lava_temple
Sewer:    sewer_big_baddie

Skill      XL: |  1  2  3  4  5  6  7  8  9 10 |
---------------+-------------------------------+-----
Armour         | 4 5 6 |  6.8
Shields        | 4 5 6 8 9 |  9.3
Fighting       | 4 5 6 7 8 |  8.3
Axes           | 3 4 6 7 9 11 12 | 12.4
Dodging        | 1 2 3 4 |  4.4
Stealth        | 1 2 |  2.5

Action                   |  1- 3 |  4- 6 |  7- 9 | 10-12 || total
-------------------------+-------+-------+-------+-------++-------
Melee: War axe           |    80 |   199 |   330 |   126 ||   735
       Headbutt          |    10 |    42 |    66 |    16 ||   134
  Use: Scroll            |       |     1 |     5 |       ||     6
 Stab: Sleeping          |       |       |     2 |     4 ||     6
  Eat: Chunk             |     1 |     5 |    11 |     4 ||    21
Armor: Scale mail        |    32 |       |       |       ||    32
       Plate armour      |     1 |    99 |    72 |       ||   172
       Troll leather arm |       |       |    45 |    20 ||    65
Dodge: Dodged            |    24 |    23 |   116 |    46 ||   209
Block: Shield            |    34 |    98 |   190 |    70 ||   392

Table legend:
 A = Spawn XP
 B = Non-spawn XP
 C = Spawn XP percentage of total XP
 D = Spawn monster count
 E = Non-spawn monster count
 F = Spawn count percentage of total count
 G = Total turns spent on level
                    A         B        C        D         E        F      G
               +---------+---------+-------+---------+---------+-------+---------
         Total |       0 |    8228 |   0.0 |       0 |     266 |   0.0 |  7050
               +---------+---------+-------+---------+---------+-------+---------
           D:1 |       0 |      67 |   0.0 |       0 |      36 |   0.0 |   879
           D:2 |       0 |     135 |   0.0 |       0 |      30 |   0.0 |   671
           D:3 |       0 |     225 |   0.0 |       0 |      32 |   0.0 |   917
           D:4 |       0 |     527 |   0.0 |       0 |      27 |   0.0 |  1026
           D:5 |       0 |     469 |   0.0 |       0 |      38 |   0.0 |   690
           D:6 |       0 |     673 |   0.0 |       0 |      22 |   0.0 |   619
           D:7 |       0 |    3263 |   0.0 |       0 |      28 |   0.0 |   951
           D:8 |       0 |    2354 |   0.0 |       0 |      38 |   0.0 |   907
           D:9 |       0 |     377 |   0.0 |       0 |       9 |   0.0 |    56
         Sewer |       0 |     138 |   0.0 |       0 |       6 |   0.0 |   202
               +---------+---------+-------+---------+---------+-------+---------
